 Dungeon Crawl Stone Soup version 0.18.1-50-g88ac8fd (webtiles) character file.

905 Amnesiac the Cutter (level 8, -1/37 HPs)
             Began as a Vine Stalker Artificer on July 6, 2018.
             Was a Believer of Pakellas.
             Succumbed to an orc warrior's poison
             ... on level 5 of the Dungeon.
             The game lasted 00:07:22 (3748 turns).

Amnesiac the Cutter (Vine Stalker Artificer)        Turns: 3748, Time: 00:07:23

Health: -1/37      AC: 10    Str: 16    XL:     8   Next: 8%
Magic:  6/13       EV:  7    Int: 17    God:    Pakellas [**....]
Gold:   200        SH:  5    Dex: 15    Spells: 0 memorised, 7 levels left

rFire  + . .     SeeInvis .     a - +2 dagger (speed)
rCold  . . .     Gourm    .     m - +0 chain mail
rNeg   . . .     Faith    .     (no shield)
rPois  .         Spirit   +     B - +0 helmet
rElec  .         Dismiss  .     l - +0 cloak
rCorr  .         Reflect  +     (no gloves)
SustAt .         Harm     .     (no boots)
MR     +....                    v - +5 amulet of reflection
Stlth  ..........               (no ring)
                                C - ring of protection from fire

@: brilliant, lethally poisoned (-1 -> -27), somewhat resistant to hostile
enchantments, extremely unstealthy
A: fangs 3, regeneration 2, magic shield, antimagic bite, no device heal 3, rot
immunity
a: Quick Charge, Renounce Religion


You were on level 5 of the Dungeon.
You worshipped Pakellas.
Pakellas was pleased with you.
You were not hungry.

You visited 2 branches of the dungeon, and saw 6 of its levels.

You collected 200 gold pieces.

Inventory:

Hand Weapons
 a - a +2 dagger of speed (weapon)
 b - a +2 dagger of venom
Missiles
 k - 7 poisoned needles
 y - 2 throwing nets (quivered)
 E - 3 curare-tipped needles
Armour
 l - a +0 cloak (worn)
 m - a +0 chain mail (worn)
 B - a +0 helmet (worn)
Jewellery
 v - a +5 amulet of reflection (around neck)
 C - a ring of protection from fire (left hand)
Wands
 c - a wand of flame (10/48)
 d - a wand of enslavement (12/24)
 e - a wand of random effects (9/48)
 A - a wand of polymorph (15/24)
Scrolls
 h - a scroll of recharging {!r, unknown}
 j - 4 scrolls of identify {!r, unknown}
 p - a scroll of magic mapping {!r, unknown}
 r - a scroll of immolation {!r, unknown}
 s - 2 scrolls of random uselessness {!r, unknown}
 u - a scroll of fear {!r, unknown}
 w - a scroll of teleportation {!r, unknown}
 x - 3 scrolls of enchant weapon {!r, unknown}
 D - a scroll of blinking {!r, unknown}
 G - 2 scrolls of remove curse {!r, unknown}
 H - a scroll of amnesia {!r, unknown}
Potions
 i - a potion of agility {!q, unknown}
 o - a potion of lignification {!q, unknown}
 q - a potion of brilliance {!q}
 t - a potion of might {!q}
 z - a potion of degeneration {!q, unknown}
Miscellaneous
 F - a phantom mirror
Comestibles
 f - 6 bread rations
 g - 3 meat rations
 n - a royal jelly
 I - 2 chunks of flesh


   Skills:
 - Level 0.8 Fighting
 + Level 6.1 Short Blades
 - Level 1.5 Dodging
 - Level 1.2 Stealth
 - Level 6.0 Evocations


You had 7 spell levels left.
You didn't know any spells.

Dungeon Overview and Level Annotations

Branches:
Dungeon (5/15)             Temple (1/1) D:4

Altars:
Ashenzari
Dithmenos
Elyvilon
Fedhas
Gozag
Makhleb
Okawaru
Pakellas
Qazlal
Ru
Sif Muna
Trog
Xom
Yredelemnul
Zin
The Shining One


Innate Abilities, Weirdness & Mutations

You have razor-sharp teeth.
You heal very quickly.
When hurt, damage is shared between your health and your magic reserves.
Your bite disrupts and absorbs the magic of your enemies.
Potions and wands cannot restore your health.
You are immune to rotting.


Message History

You are poisoned.
You closely miss the orc warrior.
You bite the orc warrior, but do no damage.
You feel sick.
You hit the orc warrior but do no damage.
You bite the orc warrior, but do no damage.
You feel sick. The orc warrior barely misses you.
Your chain mail prevents you from hitting the orc warrior.
You bite the orc warrior, but do no damage.
You feel sick.
You closely miss the orc warrior.
You bite the orc warrior, but do no damage.
You feel sick. You block the orc warrior's attack.
You hit the orc warrior.
The orc warrior is lightly wounded.
You closely miss the orc warrior.
The orc warrior is lightly wounded.
You feel sick.
You closely miss the orc warrior. You bite the orc warrior.
You drain its power.
You feel invigorated.
The orc warrior is moderately wounded.
You feel sick.
The orc warrior hits you with a trident of venom!
* * * LOW HITPOINT WARNING * * *
You are lethally poisoned!
You hit the orc warrior but do no damage.
The orc warrior is moderately wounded.
* * * LOW HITPOINT WARNING * * *
You feel sick.
Your chain mail prevents you from hitting the orc warrior.
The orc warrior is moderately wounded.
* * * LOW HITPOINT WARNING * * *
You feel sick.
You hit the orc warrior. You bite the orc warrior. You drain its power.
You feel invigorated.
The orc warrior is moderately wounded.
* * * LOW HITPOINT WARNING * * *
You feel sick.
The orc warrior hits you with a trident of venom.
* * * LOW HITPOINT WARNING * * *
You are more poisoned.
Drink which item? (? for menu, Esc to quit)
Okay, then.
Drink which item? (? for menu, Esc to quit)
Really quaff
q - 2 dark potions {!q}?
It was a potion of brilliance {!q}.
You feel clever all of a sudden.
* * * LOW HITPOINT WARNING * * *
You feel very sick. The orc warrior barely misses you.
* * * LOW HITPOINT WARNING * * *
You feel very sick.
The orc warrior hits you from afar with a trident of venom.
* * * LOW HITPOINT WARNING * * *
You are more poisoned.
Drink which item? (? for menu, Esc to quit)
Okay, then.
Evoke which item? (* to show all) (? for menu, Esc to quit)
Zapping:
d - a wand of enslavement (13/24)
Press: ? - help, Shift-Dir - straight line, f - orc warrior
Aim: an orc warrior, wielding a trident of venom and wearing a plate armour (moderately wounded, chance to defeat MR: 59%)
The orc warrior is charmed.
This wand has 12 charges left.
You die...
Pakellas says: Back to the drawing board!

#...........###.........
.#...........# #.........
.............###.........
..............##.........
.........................
...........#..##........#
....................#####
.............(.#....
.......[@...#......
.....>))....##.....
......[o....# ##...
.............# ...
..........##...
........... ....
##<...#.#### ###
......#.# ##.......


You could see a friendly orc warrior.

Vanquished Creatures
  A blink frog (D:5)
  Menkaure (D:5)
  A centaur (D:5)
  A jelly (D:5)
  A howler monkey (D:2)
  A giant frog zombie (D:5)
  2 orc wizards
  Jessica (D:3)
  Natasha (thrice) (D:2)
  Terence (D:2)
  An iguana (D:5)
  Robin (D:3)
  A howler monkey skeleton (D:5)
  5 adders
  An adder skeleton (D:4)
  An adder zombie (D:5)
  6 worms
  A dart slug (D:3)
  3 giant geckos
  12 orcs
  A ball python (D:1)
  4 giant cockroaches
  13 goblins
  11 hobgoblins
  5 jackals (D:2)
  10 bats
  6 giant newts
  A jackal skeleton (D:5)
  6 kobolds
  8 rats
110 creatures vanquished.

Vanquished Creatures (others)
  A hobgoblin (D:2)
1 creature vanquished.

Grand Total: 111 creatures vanquished

Notes
Turn   | Place    | Note
--------------------------------------------------------------
     0 | D:1      | Amnesiac the Vine Stalker Artificer began the quest for the Orb.
     0 | D:1      | Reached XP level 1. HP: 9/9 MP: 3/3
   107 | D:1      | Reached XP level 2. HP: 14/14 MP: 3/5
   337 | D:2      | Noticed Terence
   376 | D:2      | Killed Terence
   376 | D:2      | Reached XP level 3. HP: 5/17 MP: 2/7
   433 | D:2      | Noticed Natasha
   453 | D:2      | Killed Natasha
   453 | D:2      | Reached XP level 4. HP: 15/21 MP: 6/8
   667 | D:4      | Found a sacrificial altar of Ru.
   668 | D:4      | Found a bloodstained altar of Trog.
   850 | D:4      | Found a staircase to the Ecumenical Temple.
   855 | Temple   | Entered the Ecumenical Temple
  1370 | D:4      | Found an oddly glowing altar of Pakellas.
  1373 | D:4      | Became a worshipper of Pakellas the Inventive
  1497 | D:3      | Reached skill level 5 in Evocations
  1502 | D:3      | Reached XP level 5. HP: 23/25 MP: 9/9
  1511 | D:3      | Found a stormy altar of Qazlal.
  1513 | D:3      | Found a blossoming altar of Fedhas.
  1648 | D:3      | Noticed Jessica
  1653 | D:3      | Killed Jessica
  1653 | D:3      | Reached * piety under Pakellas
  1653 | D:3      | Received a gift from Pakellas
  1658 | D:3      | Noticed Robin
  1699 | D:3      | Killed Robin
  2349 | D:2      | Found a white marble altar of Elyvilon.
  2374 | D:2      | Gained mutation: You heal very quickly. [Vine Stalker growth]
  2374 | D:2      | Reached XP level 6. HP: 29/29 MP: 11/11
  2382 | D:2      | Reached skill level 1 in Short Blades
  2484 | D:2      | Noticed Natasha
  2496 | D:2      | Killed Natasha
  2508 | D:2      | Reached ** piety under Pakellas
  2508 | D:2      | Received a gift from Pakellas
  2574 | D:2      | Noticed Natasha
  2585 | D:2      | Killed Natasha
  2635 | D:2      | Noticed Crazy Yiuf
  2658 | D:2      | Noticed Crazy Yiuf
  2658 | D:2      | Crazy Yiuf changed into Crazy Yiuf the howler monkey
  2661 | D:2      | Killed Crazy Yiuf the howler monkey
  3427 | D:5      | Entered Level 5 of the Dungeon
  3456 | D:5      | Found a large runed door.
  3456 | D:5      | Found a large runed door.
  3494 | D:5      | Found a large runed door.
  3495 | D:5      | Found a large runed door.
  3534 | D:5      | Reached XP level 7. HP: 20/32 MP: 9/12
  3535 | D:5      | Noticed a blink frog
  3535 | D:5      | an ogre changed into a blink frog
  3548 | D:5      | Killed a blink frog
  3548 | D:5      | Reached skill level 5 in Short Blades
  3704 | D:5      | Noticed Menkaure
  3708 | D:5      | Killed Menkaure
  3708 | D:5      | Gained mutation: You have razor-sharp teeth. [Vine Stalker growth]
  3708 | D:5      | Reached XP level 8. HP: 26/37 MP: 8/13
  3748 | D:5      | Succumbed to an orc warrior's poison

Skill      XL: |  1  2  3  4  5  6  7 |
---------------+----------------------+-----
Evocations     | 3 4 5 6 |  6.0
Short Blades   | 3 6 |  6.1
Fighting       | |  0.8
Dodging        | |  1.5
Stealth        | |  1.2

Action                   |  1- 3 |  4- 6 |  7- 9 || total
-------------------------+-------+-------+-------++-------
Melee: Short sword       |    96 |   129 |       ||   225
       Bite              |    21 |   117 |    21 ||   159
       Dagger            |       |   261 |    48 ||   309
Evoke: Wand              |     6 |     3 |     9 ||    18
  Use: Potion            |       |     1 |     1 ||     2
 Stab: Paralysed         |       |       |     2 ||     2
  Eat: Chunk             |       |     9 |     1 ||    10
Armor: Leather armour    |    22 |       |       ||    22
       Chain mail        |     8 |   222 |     9 ||   239
Dodge: Dodged            |    47 |    96 |     5 ||   148
Block: Other             |       |    61 |     2 ||    63
       Reflection        |       |     2 |       ||     2
